 Dungeon Sprint DCSS version 0.17.1-3-g152610e (webtiles) character file.

14100000 Mysteryquy the Axe Maniac (level 27, -57/236 (249) HPs)
             Began as a Demonspawn Gladiator on Mar 14, 2016.
             Was the Champion of Makhleb.
             Annihilated by a destroyer
             ... wielding a +9 great sword of slicing
              (69 damage)
             ... in the Dungeon (Sprint VIII: "Arena of Blood").
             The game lasted 00:08:23 (141 turns).

Mysteryquy the Axe Maniac (Demonspawn Gladiator)     Turns: 141, Time: 00:08:23

HP:   -57/236 (249) AC: 10    Str: 25    XL:     27
MP:   46/54         EV: 32    Int:  9    God:    Makhleb [******]
Gold: 0             SH:  0    Dex: 18    Spells: 0 memorised, 80 levels left

rFire  + . .     SeeInvis +     l - +∞ Axe of Woe
rCold  + . .     Clarity  .     b - +0 leather armour
rNeg   . . .     SustAt   .     (shield currently unavailable)
rPois  .         Gourm    .     (helmet unavailable)
rElec  .         Spirit   .     (no cloak)
rCorr  .         Warding  .     (no gloves)
rMut   .         NoTele   +     (no boots)
MR     ++...                    (no amulet)
Stlth  ++++++++++               (no ring)
                                (no ring)

@: slowed, very slow, very resistant to hostile enchantments, uncannily stealthy
A: antennae 3, icy blue scales 3, fire resistance 1, hurl hellfire, nightstalker
3, powered by death 3, flame cloud immunity
a: Hellfire, Minor Destruction, Lesser Servant of Makhleb, Major Destruction,
Greater Servant of Makhleb, Renounce Religion


You were in the Dungeon.
You worshipped Makhleb.
Makhleb was exalted by your worship.
You were not hungry.

You visited 1 branch

Inventory:

Hand Weapons
 a - a +0 war axe
 l - the +∞ Axe of Woe (weapon)
   (You found it in the Dungeon)
Missiles
 d - 3 throwing nets (quivered)
Armour
 b - a +0 leather armour (worn)
 c - a +0 helmet
Scrolls
 k - a scroll of blinking
Potions
 f - a potion of curing
 g - a potion of heal wounds
 h - a potion of haste
 i - 2 potions of magic
 j - a potion of berserk rage
Comestibles
 e - a bread ration


   Skills:
 O Level 27 Fighting
 O Level 27 Axes
 O Level 27 Throwing
 O Level 27 Armour
 O Level 27 Dodging
 O Level 27 Stealth
 O Level 27 Unarmed Combat
 O Level 27 Spellcasting
 O Level 27 Invocations


You had 80 spell levels left.
You didn't know any spells.

Dungeon Overview and Level Annotations

Branches:
Dungeon (1/1)

Altars:
Makhleb


Innate Abilities, Weirdness & Mutations

You have a pair of large antennae on your head (SInv).
You are completely covered in icy blue scales (AC +4, EV -1, rC+).
Your flesh is heat resistant.
You can hurl blasts of hellfire.
You are completely attuned to the shadows.
You regenerate a lot of health from kills.
You are immune to clouds of flame.


Message History

You feel better.
You slice the bag of meat!!
You slaughter the bag of meat joyfully.
You kill the bag of meat!
Makhleb accepts your kill.
You feel better.
The meat berserker moves out of view.
The accursed gestures at you while chanting.
Something smites you!
You hear a shout! x2
The accursed points at you and mumbles some strange words.
Something smites you!
The fleshlord hits you with a +9 great mace!!!!!
Ouch! That really hurt!
* * * LOW HITPOINT WARNING * * *
You hear a shout!
The accursed gestures at you while chanting.
Something smites you!
* * * LOW HITPOINT WARNING * * *
The destroyer is engulfed in roaring flames.
The destroyer hits you with a +9 great sword of slicing!!!
You die...

{ ..{ ..... {
{{{#. W ...# {{
#.. ..%# {{.
.###.. ..%###{{
.....o###.%...{
{{..OVW§)..%. {{
§#§@p)%# {{{
#_WC)_# {
#))o)o#
{...M%._)M).....
{..%o%###o.{{...
{###.. {.{###..
#.{ ..{# . #.
.{..# { ..
....{{{


You could see 2 accurseds, a destroyer, a fleshlord, a large bag of meat (inner
flame), a wretched soul (invisible), a dread, a meat berserker (berserk) and 5
bags of meat.

Vanquished Creatures
  A hell knight (D)
  7 hell beasts (D)
  Edmund (D)
  8 greater mummies (D)
  3 great orbs of eyes (D)
  6 wraiths (D)
  18 vampire knights (D)
  38 ogres (D)
  4 liches (D)
  3 hydras (D)
  73 orcs (D)
  6 phantoms (D)
  10 hill giants (D)
  A skeletal warrior (D)
  A large abomination (D)
  2 small abominations (D)
  3 crawling corpses (D)
185 creatures vanquished.

Notes
Turn   | Place    | Note
--------------------------------------------------------------
     0 | D        | Mysteryquy the Demonspawn Gladiator began the quest for the Orb.
     0 | D        | Reached XP level 1. HP: 16/16 MP: 1/1
     3 | D        | Noticed a bag of meat
     3 | D        | Noticed a meat berserker
     4 | D        | Became a worshipper of Makhleb the Destroyer
     6 | D        | Noticed a meat berserker
     7 | D        | Killed a meat berserker
     7 | D        | Reached skill level 12 in Fighting
     7 | D        | Reached skill level 19 in Axes
     7 | D        | Reached skill level 10 in Throwing
     7 | D        | Gained mutation: You regenerate a little health from kills. [demonic ancestry]
     7 | D        | Reached XP level 2. HP: 19/38 MP: 2/2
     7 | D        | Reached XP level 3. HP: 22/44 MP: 3/3
     7 | D        | Gained mutation: You are partially covered in icy blue scales (AC +1). [demonic ancestry]
     7 | D        | Reached XP level 4. HP: 25/51 MP: 4/4
     7 | D        | Reached XP level 5. HP: 27/57 MP: 5/5
     7 | D        | Gained mutation: You have a pair of small antennae on your head. [demonic ancestry]
     7 | D        | Reached XP level 6. HP: 30/64 MP: 6/6
     7 | D        | Gained mutation: You are slightly more attuned to the shadows. [demonic ancestry]
     7 | D        | Reached XP level 7. HP: 32/70 MP: 7/7
     7 | D        | Reached XP level 8. HP: 34/76 MP: 8/8
     7 | D        | Gained mutation: You regenerate health from kills. [demonic ancestry]
     7 | D        | Reached XP level 9. HP: 36/82 MP: 9/9
     7 | D        | Reached XP level 10. HP: 39/89 MP: 10/10
     7 | D        | Reached XP level 11. HP: 41/95 MP: 11/11
     7 | D        | Reached XP level 12. HP: 44/102 MP: 12/12
     7 | D        | Gained mutation: You are mostly covered in icy blue scales (AC +3, EV -1). [demonic ancestry]
     7 | D        | Reached XP level 13. HP: 46/108 MP: 13/13
     8 | D        | Killed a bag of meat
     8 | D        | Reached * piety under Makhleb
     8 | D        | Reached skill level 20 in Axes
     9 | D        | Killed a meat berserker
     9 | D        | Reached skill level 23 in Axes
     9 | D        | Reached XP level 14. HP: 50/121 MP: 14/14
    10 | D        | Noticed a bag of meat
    10 | D        | Noticed a meat berserker
    11 | D        | Noticed a bag of meat
    14 | D        | Killed a meat berserker
    14 | D        | Reached ** piety under Makhleb
    14 | D        | Reached skill level 25 in Axes
    14 | D        | Reached skill level 1 in Stealth
    14 | D        | Gained mutation: You regenerate a lot of health from kills. [demonic ancestry]
    14 | D        | Reached XP level 15. HP: 32/131 MP: 15/15
    15 | D        | Killed a bag of meat
    18 | D        | Killed a bag of meat
    18 | D        | Reached *** piety under Makhleb
    18 | D        | Reached skill level 26 in Axes
    18 | D        | Reached skill level 15 in Throwing
    18 | D        | Gained mutation: You are completely covered in icy blue scales (AC +4, EV -1, rC+). [demonic ancestry]
    18 | D        | Reached XP level 16. HP: 91/141 MP: 16/16
    26 | D        | Noticed a large bag of meat
    28 | D        | Killed a large bag of meat
    28 | D        | Reached skill level 27 in Axes
    29 | D        | Noticed a meat berserker
    29 | D        | Noticed a meat berserker
    30 | D        | Noticed a large bag of meat
    30 | D        | Noticed a bag of meat
    31 | D        | Noticed a bag of meat
    31 | D        | Noticed a bag of meat
    32 | D        | Noticed a bag of meat
    32 | D        | Noticed a meat berserker
    32 | D        | Killed a meat berserker
    32 | D        | Reached **** piety under Makhleb
    32 | D        | Reached skill level 27 in Dodging
    32 | D        | Gained mutation: You have a pair of antennae on your head. [demonic ancestry]
    32 | D        | Reached XP level 17. HP: 148/158 MP: 17/17
    33 | D        | Killed a meat berserker
    35 | D        | Noticed a sculptor of flesh
    35 | D        | Noticed a meat berserker
    36 | D        | Killed a bag of meat
    36 | D        | Reached skill level 10 in Armour
    36 | D        | Killed a meat berserker
    36 | D        | Reached ***** piety under Makhleb
    36 | D        | Reached skill level 27 in Fighting
    36 | D        | Gained mutation: You have a pair of large antennae on your head (SInv). [demonic ancestry]
    36 | D        | Reached XP level 18. HP: 174/182 MP: 18/18
    37 | D        | Killed a bag of meat
    37 | D        | Killed a bag of meat
    37 | D        | Reached skill level 27 in Throwing
    37 | D        | Reached skill level 15 in Armour
    37 | D        | Reached skill level 10 in Stealth
    37 | D        | Killed a large bag of meat
    38 | D        | Noticed a bag of meat
    38 | D        | Noticed a bag of meat
    38 | D        | Noticed a destroyer
    39 | D        | Noticed a bag of meat
    39 | D        | Noticed a destroyer
    39 | D        | Killed a meat berserker
    39 | D        | Reached skill level 15 in Stealth
    39 | D        | Reached XP level 19. HP: 168/189 MP: 19/19
    39 | D        | Killed a bag of meat
    39 | D        | Reached ****** piety under Makhleb
    41 | D        | Noticed a meat berserker
    41 | D        | Noticed a large bag of meat
    41 | D        | Noticed a bag of meat
    41 | D        | Noticed a large bag of meat
    41 | D        | Noticed a large bag of meat
    41 | D        | Noticed a destroyer
    41 | D        | Killed a sculptor of flesh
    42 | D        | Killed a destroyer
    42 | D        | Reached skill level 27 in Armour
    42 | D        | Gained mutation: You are significantly more attuned to the shadows. [demonic ancestry]
    42 | D        | Reached XP level 20. HP: 197/197 MP: 20/20
    43 | D        | Killed a destroyer
    43 | D        | Reached skill level 27 in Stealth
    43 | D        | Killed a destroyer
    43 | D        | Reached XP level 21. HP: 204/204 MP: 20/37
    44 | D        | Killed a bag of meat
    45 | D        | Noticed a bag of meat
    45 | D        | Killed a meat berserker
    45 | D        | Killed a bag of meat
    45 | D        | Killed a large bag of meat
    46 | D        | Noticed a meat berserker
    47 | D        | Noticed a bag of meat
    48 | D        | Noticed a meat berserker
    48 | D        | Killed a bag of meat
    48 | D        | Reached skill level 27 in Invocations
    48 | D        | Gained mutation: Your flesh is heat resistant. [demonic ancestry]
    48 | D        | Reached XP level 22. HP: 212/212 MP: 21/46
    48 | D        | Killed a bag of meat
    49 | D        | Noticed a meat berserker
    49 | D        | Killed a large bag of meat
    49 | D        | Killed a meat berserker
    49 | D        | Killed a large bag of meat
    50 | D        | Noticed a meat berserker
    50 | D        | Killed a bag of meat
    51 | D        | Noticed a meat berserker
    51 | D        | Noticed a bag of meat
    52 | D        | Noticed a bag of meat
    52 | D        | Noticed a bag of meat
    52 | D        | Noticed a bag of meat
    52 | D        | Killed a meat berserker
    52 | D        | Reached skill level 27 in Unarmed Combat
    52 | D        | Reached skill level 27 in Spellcasting
    52 | D        | Killed a bag of meat
    52 | D        | Reached XP level 23. HP: 219/219 MP: 22/54
    53 | D        | Noticed a bag of meat
    53 | D        | Killed a meat berserker
    53 | D        | Killed a meat berserker
    54 | D        | Noticed a bag of meat
    54 | D        | Noticed a meat berserker
    54 | D        | Killed a meat berserker
    55 | D        | Noticed an accursed
    55 | D        | Noticed a meat berserker
    55 | D        | Noticed a bag of meat
    55 | D        | Noticed a large bag of meat
    55 | D        | Noticed an accursed
    55 | D        | Noticed a meat berserker
    56 | D        | Noticed a bag of meat
    56 | D        | Noticed a bag of meat
    56 | D        | Killed a meat berserker
    56 | D        | Reached XP level 24. HP: 227/227 MP: 23/54
    56 | D        | Killed a bag of meat
    57 | D        | Noticed a bag of meat
    57 | D        | Noticed a destroyer
    57 | D        | Noticed an eight-headed meat hydra
    57 | D        | Killed a bag of meat
    58 | D        | Noticed a bag of meat
    58 | D        | Noticed a bag of meat
    58 | D        | Noticed a bag of meat
    58 | D        | Killed a bag of meat
    59 | D        | Noticed a bag of meat
    59 | D        | Killed a bag of meat
    59 | D        | Killed a meat berserker
    60 | D        | Noticed a bag of meat
    60 | D        | Killed a meat berserker
    60 | D        | Killed a destroyer
    60 | D        | Gained mutation: You are immune to clouds of flame. [demonic ancestry]
    60 | D        | Reached XP level 25. HP: 219/234 MP: 24/54
    61 | D        | Noticed a meat beast
    61 | D        | Noticed a meat berserker
    61 | D        | Killed a bag of meat
    61 | D        | Killed a bag of meat
    62 | D        | Noticed an accursed
    62 | D        | Killed a bag of meat
    62 | D        | Killed a bag of meat
    62 | D        | Killed a large bag of meat
    62 | D        | Killed a bag of meat
    63 | D        | Noticed a bag of meat
    63 | D        | Noticed a bag of meat
    63 | D        | Noticed a bag of meat
    63 | D        | Noticed a bag of meat
    63 | D        | Killed a bag of meat
    63 | D        | Killed a meat beast
    63 | D        | Gained mutation: You are completely attuned to the shadows. [demonic ancestry]
    63 | D        | Reached XP level 26. HP: 208/242 MP: 24/54
    64 | D        | Killed a bag of meat
    64 | D        | Killed a bag of meat
    64 | D        | Killed a bag of meat
    65 | D        | Noticed a bag of meat
    66 | D        | Noticed a bag of meat
    66 | D        | Noticed a meat berserker
    66 | D        | Noticed a large bag of meat
    66 | D        | Killed an accursed
    66 | D        | Gained mutation: You can hurl blasts of hellfire. [demonic ancestry]
    66 | D        | Reached XP level 27. HP: 246/246 MP: 25/54
    66 | D        | Killed a meat berserker
    66 | D        | Killed a bag of meat
    66 | D        | Killed a bag of meat
    67 | D        | Killed a nine-headed meat hydra
    68 | D        | Noticed a meat berserker
    68 | D        | Killed a bag of meat
    68 | D        | Killed a meat berserker
    68 | D        | Killed a bag of meat
    69 | D        | Noticed a bag of meat
    69 | D        | Killed a bag of meat
    70 | D        | Noticed a meat beast
    70 | D        | Noticed an accursed
    70 | D        | Noticed a bag of meat
    71 | D        | Noticed a meat berserker
    71 | D        | Noticed a bag of meat
    71 | D        | Noticed a meat berserker
    71 | D        | Noticed a meat berserker
    71 | D        | Noticed a destroyer
    71 | D        | Killed a meat beast
    71 | D        | Killed a meat berserker
    71 | D        | Killed an accursed
    72 | D        | Noticed a bag of meat
    72 | D        | Noticed a destroyer
    73 | D        | Noticed a meat berserker
    73 | D        | Killed a large bag of meat
    73 | D        | Killed a bag of meat
    73 | D        | Killed a meat berserker
    73 | D        | Killed a bag of meat
    73 | D        | Noticed a destroyer
    74 | D        | Noticed a meat berserker
    74 | D        | Noticed a large bag of meat
    74 | D        | Killed a meat berserker
    74 | D        | Killed a meat berserker
    74 | D        | Killed a destroyer
    75 | D        | Killed a bag of meat
    75 | D        | Killed a meat berserker
    76 | D        | Noticed a bag of meat
    76 | D        | Noticed a meat berserker
    76 | D        | Noticed a meat beast
    76 | D        | Noticed a bag of meat
    76 | D        | Killed a bag of meat
    77 | D        | Noticed a dread
    78 | D        | Noticed a bag of meat
    78 | D        | Killed a bag of meat
    78 | D        | Killed an accursed
    78 | D        | Killed a meat beast
    78 | D        | Killed a destroyer
    79 | D        | Noticed a wretched soul
    79 | D        | Noticed a bag of meat
    79 | D        | Killed a meat berserker
    80 | D        | Noticed a bag of meat
    80 | D        | Noticed a bag of meat
    80 | D        | Killed a destroyer
    80 | D        | Killed a bag of meat
    80 | D        | Killed a meat berserker
    81 | D        | Noticed a wretched soul
    82 | D        | Killed a large bag of meat
    82 | D        | Killed a wretched soul
    82 | D        | Killed a bag of meat
    83 | D        | Noticed a bag of meat
    83 | D        | Noticed a destroyer
    83 | D        | Killed a dread
    83 | D        | Killed a bag of meat
    83 | D        | Killed a bag of meat
    83 | D        | Killed a bag of meat
    84 | D        | Noticed a meat berserker
    84 | D        | Noticed a meat berserker
    84 | D        | Killed a bag of meat
    84 | D        | Killed a bag of meat
    85 | D        | Noticed a bag of meat
    85 | D        | Noticed a meat berserker
    85 | D        | Noticed a bag of meat
    86 | D        | Killed a meat berserker
    87 | D        | Noticed a bag of meat
    87 | D        | Noticed a meat berserker
    87 | D        | Noticed a meat berserker
    87 | D        | Noticed a bag of meat
    87 | D        | Noticed an accursed
    87 | D        | Killed a meat berserker
    87 | D        | Killed a bag of meat
    89 | D        | Noticed a bag of meat
    89 | D        | Noticed a meat beast
    89 | D        | Noticed a bag of meat
    89 | D        | Noticed an eight-headed meat hydra
    89 | D        | Noticed a destroyer
    89 | D        | Killed a meat berserker
    89 | D        | Killed a bag of meat
    89 | D        | Killed a meat berserker
    89 | D        | Killed a destroyer
    90 | D        | Noticed an observer
    90 | D        | Killed a destroyer
    90 | D        | Killed a bag of meat
    90 | D        | Killed a meat beast
    90 | D        | Killed a bag of meat
    91 | D        | Noticed a bag of meat
    91 | D        | Noticed a dread
    91 | D        | Killed an accursed
    91 | D        | Killed a bag of meat
    92 | D        | Noticed a bag of meat
    92 | D        | Killed an observer
    92 | D        | Killed a meat berserker
    92 | D        | Killed an accursed
    93 | D        | Noticed a bag of meat
    93 | D        | Noticed a destroyer
    94 | D        | Noticed a wretched soul
    94 | D        | Noticed a bag of meat
    94 | D        | Killed a wretched soul
    94 | D        | Killed a bag of meat
    95 | D        | Killed a bag of meat
    96 | D        | Noticed a bag of meat
    96 | D        | Killed a dread
    96 | D        | Killed a destroyer
    97 | D        | Noticed a bag of meat
    97 | D        | Killed a bag of meat
    97 | D        | Killed a wretched soul
    98 | D        | Noticed a bag of meat
    98 | D        | Killed a bag of meat
    98 | D        | Killed a bag of meat
    98 | D        | Killed a bag of meat
   100 | D        | Noticed a destroyer
   100 | D        | Killed a bag of meat
   100 | D        | Killed a bag of meat
   100 | D        | Killed a bag of meat
   102 | D        | Noticed a dread
   102 | D        | Noticed a destroyer
   102 | D        | Killed a bag of meat
   105 | D        | Noticed an observer
   105 | D        | Killed a destroyer
   106 | D        | Noticed a meat beast
   106 | D        | Noticed a dread
   106 | D        | Killed a meat beast
   107 | D        | Noticed a meat berserker
   107 | D        | Noticed a destroyer
   108 | D        | Noticed a destroyer
   108 | D        | Noticed a tyrant
   108 | D        | Killed a destroyer
   108 | D        | Killed an observer
   109 | D        | Noticed a destroyer
   109 | D        | Killed a dread
   110 | D        | Noticed a bag of meat
   110 | D        | Killed a meat berserker
   110 | D        | Killed a destroyer
   111 | D        | Killed a dread
   111 | D        | Killed a destroyer
   112 | D        | Killed a tyrant
   113 | D        | Noticed a meat berserker
   113 | D        | Noticed a dread
   113 | D        | Killed a dread
   114 | D        | Noticed a bag of meat
   114 | D        | Killed a destroyer
   114 | D        | Noticed a tyrant
   115 | D        | Noticed a meat berserker
   116 | D        | Noticed a bag of meat
   116 | D        | Noticed a wretched soul
   116 | D        | Noticed an accursed
   116 | D        | Noticed a meat berserker
   116 | D        | Killed a meat berserker
   116 | D        | Noticed a meat beast
   117 | D        | Killed a meat berserker
   118 | D        | Noticed a bag of meat
   118 | D        | Noticed a bag of meat
   118 | D        | Noticed an observer
   118 | D        | Killed a meat berserker
   118 | D        | Killed a bag of meat
   120 | D        | Noticed a bag of meat
   120 | D        | Noticed a meat beast
   120 | D        | Killed a meat beast
   120 | D        | Killed a bag of meat
   121 | D        | Killed an accursed
   121 | D        | Killed a wretched soul
   122 | D        | Noticed a large bag of meat
   122 | D        | Killed a bag of meat
   122 | D        | Killed a tyrant
   122 | D        | Killed a bag of meat
   123 | D        | Killed a meat beast
   124 | D        | Noticed a bag of meat
   124 | D        | Noticed a destroyer
   124 | D        | Killed a bag of meat
   124 | D        | Killed a bag of meat
   124 | D        | Killed an observer
   125 | D        | Noticed a large bag of meat
   125 | D        | Noticed The Defiler
   125 | D        | Noticed a meat berserker
   125 | D        | Noticed a destroyer
   126 | D        | Killed The Defiler
   126 | D        | Killed a large bag of meat
   126 | D        | Killed a destroyer
   127 | D        | Noticed a wretched soul
   127 | D        | Noticed a tyrant
   127 | D        | Noticed a dread
   128 | D        | Noticed a dread
   128 | D        | Killed a meat berserker
   129 | D        | Noticed a bag of meat
   129 | D        | Noticed a tyrant
   129 | D        | Killed a large bag of meat
   130 | D        | HP: 11/238 [destroyer/+9 great sword of slicing (28)]
   131 | D        | Noticed an accursed
   131 | D        | Noticed a bag of meat
   131 | D        | Noticed a meat berserker
   131 | D        | Killed a destroyer
   131 | D        | Killed a wretched soul
   132 | D        | Noticed an accursed
   132 | D        | Noticed a fleshlord
   132 | D        | Killed a tyrant
   132 | D        | Killed a bag of meat
   133 | D        | Noticed an accursed
   133 | D        | Noticed a bag of meat
   133 | D        | Noticed a meat berserker
   133 | D        | Noticed a destroyer
   133 | D        | Killed a meat berserker
   133 | D        | Killed a bag of meat
   134 | D        | Noticed a bag of meat
   134 | D        | Killed a nine-headed meat hydra
   134 | D        | Noticed a bag of meat
   135 | D        | Noticed a bag of meat
   135 | D        | Killed a tyrant
   135 | D        | Killed a meat berserker
   135 | D        | Killed an accursed
   136 | D        | Noticed a fleshlord
   136 | D        | Noticed a bag of meat
   136 | D        | Noticed a meat berserker
   137 | D        | Noticed a wretched soul
   137 | D        | Killed a bag of meat
   138 | D        | Noticed a bag of meat
   138 | D        | Noticed a destroyer
   138 | D        | Noticed a bag of meat
   138 | D        | Killed a destroyer
   139 | D        | Noticed an accursed
   139 | D        | Noticed a wretched soul
   139 | D        | Killed a bag of meat
   139 | D        | Killed a bag of meat
   139 | D        | Killed a meat berserker
   140 | D        | Noticed a large bag of meat
   140 | D        | Killed a fleshlord
   140 | D        | Killed a dread
   140 | D        | Killed a bag of meat
   140 | D        | Killed an accursed
   140 | D        | Killed a bag of meat
   141 | D        | Noticed a bag of meat
   141 | D        | Noticed a bag of meat
   141 | D        | Noticed a meat berserker
   141 | D        | Noticed a bag of meat
   141 | D        | Killed a bag of meat
   141 | D        | Killed a wretched soul
   141 | D        | Killed a bag of meat
   141 | D        | Annihilated by a destroyer

Action                   |  1- 3 |  4- 6 |  7- 9 | 10-12 | 13-15 | 16-18 | 19-21 | 22-24 | 25-27 || total
-------------------------+-------+-------+-------+-------+-------+-------+-------+-------+-------++-------
Melee: Executioner's axe |     1 |       |       |       |     5 |     6 |     6 |    10 |    62 ||    90
